 Dungeon Crawl Stone Soup version 0.29.0-4-gdea44cf6ec (webtiles) character file.

Game seed: 15064530566254748854

1213 qw the Grappler (level 8, -4/75 HPs)
             Began as a Troll Cinder Acolyte on Aug 31, 2022.
             Was a High Priest of Ignis.
             Shot with an arrow by a centaur (7 damage)
             ... on level 5 of the Dungeon.
             The game lasted 00:02:10 (3669 turns).

qw the Grappler (Troll Cinder Acolyte)              Turns: 3669, Time: 00:02:11

Health: -4/75      AC: 14    Str: 25    XL:     8   Next: 22%
Magic:  8/8        EV:  9    Int: 10    God:    Ignis [*****.]
Gold:   281        SH:  0    Dex:  5    Spells: 9/9 levels left

rFire   + . .      SeeInvis .     - Unarmed
rCold   + . .      Faith    .   (no shield)
rNeg    . . .      Spirit   .   d - +2 robe {rC+}
rPois   .          Reflect  .   (helmet restricted)
rElec   .          Harm     .   i - +0 cloak
rCorr   .          Rampage  .   (gloves unavailable)
Will    .....                   (boots unavailable)
Stlth   +.........              (no amulet)
HPRegen 1.02/turn               (no ring)
MPRegen 0.11/turn               (no ring)

@: about to teleport, fiery-armoured
A: large, unfitting armour, claws 3, regeneration 1, shaggy fur 1, tough skin 1
a: Renounce Religion, Fiery Armour, Foxfire Swarm, Rising Flame


You were on level 5 of the Dungeon.
You worshipped Ignis.
Ignis was extremely pleased with you.
You visited 1 branch of the dungeon, and saw 5 of its levels.

You collected 281 gold pieces.


Innate Abilities, Weirdness & Mutations

You are too large for most types of armour.
You have claws for hands.
Your natural rate of healing is unusually fast.
You are covered in fur. (AC +1)
You have tough skin. (AC +1)


   Skills:
 - Level 3.2 Fighting
 - Level 1.5 Dodging
 + Level 9.8 Unarmed Combat
 - Level 1.0 Spellcasting
 - Level 2.1 Fire Magic


You had 9 spell levels left.
You didn't know any spells.
Your spell library contained the following spells:

 Spells                   Type           Power      Damage    Failure   Level
 Scorch                   Fire           8%         2d5       22%         2

Inventory:

Armour
 d - a +2 robe of cold resistance (worn)
 i - a +0 cloak (worn)
Scrolls
 b - 2 scrolls of teleportation
 c - a scroll of enchant weapon
 g - a scroll of identify
 k - a scroll of butterflies {unknown}
Potions
 a - a potion of brilliance {unknown}
 e - 3 potions of curing
 f - a potion of lignification {unknown}
 h - a potion of cancellation
 j - a potion of haste
 l - a potion of might {unknown}
 m - a potion of resistance {unknown}

Dungeon Overview and Level Annotations

Branches:
Dungeon (5/15)
 Temple: D:4-7

Altars:
Ashenzari
Gozag
Okawaru
Wu Jian
Xom

Shops:
D:1 !


Message History

The howler monkey hits you but does no damage.
You closely miss the howler monkey.
The howler monkey is moderately wounded.
The centaur shoots an arrow.
The arrow barely misses you. The howler monkey barely misses you.
You claw the howler monkey!
You kill the howler monkey!
The centaur shoots an arrow.
The arrow completely misses you.
The centaur shoots an arrow.
The arrow barely misses you.
You scratch the hound.
The hound is lightly wounded.
The hound bites you but does no damage.
The centaur shoots an arrow.
The arrow barely misses you.
You barely miss the hound.
The hound is lightly wounded.
The hound bites you.
The centaur shoots an arrow.
The arrow hits you.
You claw the hound!
You kill the hound!
The centaur shoots an arrow.
The arrow hits you.
Found a scroll of vulnerability.
The centaur shoots an arrow.
The arrow hits you.
You claw the ogre!
The ogre is heavily wounded.
The centaur shoots an arrow.
The arrow hits you.
The ogre hits you with a +0 giant spiked club!
3667 ||| INVOKING Fiery Armour.
A protective cloak of flame settles atop you.
The centaur shoots an arrow.
The arrow barely misses you.
The centaur shoots an arrow.
The arrow misses you.
You closely miss the ogre.
The ogre is heavily wounded.
The centaur shoots an arrow.
The arrow hits you but does no damage.
The ogre hits you with a +0 giant spiked club!!
The ogre is burned by your cloak of flames.
The ogre is severely wounded.
3669 ||| READING 3 scrolls of teleportation.
As you read the scroll of teleportation, it crumbles to dust.
You feel strangely unstable.
The centaur shoots an arrow.
The arrow hits you!
You die...

#.##.# #.##.######
#.##......#####
#.........%.... ##
#.####'####..## ..
#.#.¤#.#^.#....
##.#####.##^#.#^##.###
..#.[.>%...#.^#.#¤.#....
......O@...## #.# ##..##
...........# #^# #.##
..PP.....#.# #+# #.#
..PP.....#... ..#
PP^.c.!.....# .###
PP..#######.? ?.


PP.. ## ## ## PP.. #. #. You could see an ogre and a centaur.

Vanquished Creatures
  Sigmund (D:3)
  Duvessa (D:4)
  An ogre (D:5)
  Blork the orc (D:4)
  2 scorpions (D:4)
  Dowan (D:4)
  A howler monkey (D:5)
  4 hounds
  2 jellies (D:4)
  2 orc priests
  2 orc wizards
  Natasha (twice) (D:3)
  Robin (D:4)
  8 gnolls
  9 adders
  2 dart slugs
  10 orcs
  6 ball pythons
  An endoplasm (D:1)
  5 giant cockroaches
  10 goblins
  9 hobgoblins
  7 kobolds
  2 quokkas (D:2)
  10 bats
  9 rats
109 creatures vanquished.

Notes
Turn   | Place    | Note
-------+----------+-------------------------------------------
     0 | D:1      | qw the Troll Cinder Acolyte began the quest for the Orb.
     0 | D:1      | Reached XP level 1. HP: 22/22 MP: 1/1
     0 | D:1      | 0 ||| qw: Version: 0.1-a-97-g2dd2ca4
     0 | D:1      | 0 ||| qw: Game counter: 4674
     0 | D:1      | 0 ||| qw: Always use a shield: true
     0 | D:1      | 0 ||| qw: God list: Okawaru
     0 | D:1      | 0 ||| qw: Allow faded altars: false
     0 | D:1      | 0 ||| qw: Do Orc after D:15 true
     0 | D:1      | 0 ||| qw: Do second Lair branch before Depths: true
     0 | D:1      | 0 ||| qw: Lair rune preference: random
     0 | D:1      | 0 ||| qw: Plans: Normal
     0 | D:1      | 0 ||| PLANNING D:1-11
    41 | D:1      | Found Haejiant's Distillery.
    57 | D:1      | 57 ||| Stepping ~*~*~tactically~*~*~ (stealth).
    61 | D:1      | 61 ||| SHOPLISTING potion of cancellation (104 gold, have
                  | 12).
    61 | D:1      | 61 ||| SHOPLISTING potion of curing (39 gold, have 12).
    61 | D:1      | 61 ||| SHOPLISTING potion of haste (130 gold, have 12).
    61 | D:1      | 61 ||| SHOPLISTING potion of heal wounds (65 gold, have
                  | 12).
    67 | D:1      | 67 ||| Stepping ~*~*~tactically~*~*~ (outnumbered).
    68 | D:1      | 68 ||| Stepping ~*~*~tactically~*~*~ (outnumbered).
    69 | D:1      | 69 ||| Stepping ~*~*~tactically~*~*~ (outnumbered).
   167 | D:1      | Reached XP level 2. HP: 29/29 MP: 2/2
   372 | D:1      | Found a faded altar of an unknown god.
   506 | D:1      | 506 ||| Stepping ~*~*~tactically~*~*~ (stealth).
   584 | D:1      | 584 ||| Stepping ~*~*~tactically~*~*~ (stealth).
   590 | D:1      | Reached skill level 4 in Unarmed Combat
   848 | D:1      | 848 ||| READING scroll labelled SEOTHA ECUXOBOE.
   849 | D:1      | 849 ||| READING scroll labelled TOADOM DIULOTE.
   850 | D:1      | 850 ||| READING 2 scrolls labelled LOFFYFASIO.
   851 | D:1      | 851 ||| READING 2 scrolls labelled HOTY LETOURR.
   854 | D:1      | 854 ||| DROPPING scroll of poison.
  1091 | D:2      | Reached XP level 3. HP: 33/36 MP: 3/3
  1766 | D:2      | 1766 ||| UPGRADING to +0 cloak.
  1771 | D:2      | 1771 ||| READING scroll labelled ZEISCHI PIV TAUP.
  1772 | D:2      | 1772 ||| READING scroll labelled FIQOIPL LEGUY.
  1773 | D:2      | 1773 ||| READING scroll labelled LUOSHO YBRICLUTT.
  1774 | D:2      | 1774 ||| READING scroll labelled ROITUO WAOPNE.
  1775 | D:2      | 1775 ||| DRINKING 2 green potions.
  1776 | D:2      | 1776 ||| DROPPING potion of flight.
  1824 | D:3      | 1824 ||| Stepping ~*~*~tactically~*~*~ (hiding).
  1965 | D:3      | Noticed Natasha
  1966 | D:3      | 1966 ||| Stepping ~*~*~tactically~*~*~ (hiding).
  1967 | D:3      | 1967 ||| Stepping ~*~*~tactically~*~*~ (hiding).
  1974 | D:3      | Killed Natasha
  1975 | D:3      | Reached skill level 5 in Unarmed Combat
  1975 | D:3      | Reached XP level 4. HP: 37/44 MP: 4/4
  2027 | D:3      | Found an iron altar of Okawaru.
  2079 | D:3      | Noticed Sigmund
  2080 | D:3      | 2080 ||| Stepping ~*~*~tactically~*~*~ (hiding).
  2095 | D:3      | Killed Sigmund
  2096 | D:3      | Reached skill level 6 in Unarmed Combat
  2096 | D:3      | Reached XP level 5. HP: 41/50 MP: 5/5
  2148 | D:3      | 2148 ||| FLEEEEING.
  2149 | D:3      | 2149 ||| FLEEEEING.
  2151 | D:3      | 2151 ||| FLEEEEING.
  2152 | D:3      | 2152 ||| FLEEEEING.
  2153 | D:3      | 2153 ||| FLEEEEING.
  2154 | D:3      | 2154 ||| FLEEEEING.
  2155 | D:3      | 2155 ||| FLEEEEING.
  2156 | D:3      | 2156 ||| FLEEEEING.
  2157 | D:3      | 2157 ||| FLEEEEING.
  2268 | D:3      | Reached XP level 6. HP: 59/59 MP: 6/6
  2349 | D:3      | 2349 ||| Stepping ~*~*~tactically~*~*~ (hiding).
  2355 | D:3      | Reached skill level 7 in Unarmed Combat
  2385 | D:3      | Noticed Natasha
  2391 | D:3      | Killed Natasha
  2545 | D:3      | 2545 ||| UPGRADING to +2 robe of cold resistance.
  2555 | D:3      | 2555 ||| DROPPING +0 robe.
  2556 | D:3      | 2556 ||| READING scroll labelled RAZ OQESIPP.
  2557 | D:3      | 2557 ||| DRINKING 4 fuming cyan potions.
  2558 | D:3      | 2558 ||| DRINKING 2 glowing white potions.
  2562 | D:4      | Noticed Dowan
  2565 | D:4      | Noticed Duvessa
  2566 | D:4      | 2566 ||| INVOKING Fiery Armour.
  2569 | D:4      | Killed Dowan
  2575 | D:4      | Killed Duvessa
  2576 | D:4      | Reached skill level 8 in Unarmed Combat
  2581 | D:4      | 2581 ||| Stepping ~*~*~tactically~*~*~ (stealth).
  2589 | D:4      | 2589 ||| STAIRDANCE
  2598 | D:4      | 2598 ||| Stepping ~*~*~tactically~*~*~ (hiding).
  2602 | D:4      | Noticed Blork the orc
  2604 | D:4      | Reached XP level 7. HP: 63/66 MP: 7/7
  2604 | D:4      | 2604 ||| Stepping ~*~*~tactically~*~*~ (hiding).
  2609 | D:4      | 2609 ||| Stepping ~*~*~tactically~*~*~ (outnumbered).
  2612 | D:4      | Killed Blork the orc
  2613 | D:4      | Reached skill level 3 in Fighting
  2628 | D:4      | 2628 ||| Stepping ~*~*~tactically~*~*~ (hiding).
  2629 | D:4      | 2629 ||| Stepping ~*~*~tactically~*~*~ (hiding).
  2635 | D:4      | 2635 ||| Stepping ~*~*~tactically~*~*~ (hiding).
  2636 | D:4      | 2636 ||| Stepping ~*~*~tactically~*~*~ (hiding).
  2650 | D:4      | 2650 ||| FLEEEEING.
  2651 | D:4      | 2651 ||| FLEEEEING.
  2652 | D:4      | 2652 ||| STAIRDANCE
  2668 | D:4      | 2668 ||| STAIRDANCE
  2700 | D:4      | 2700 ||| Stepping ~*~*~tactically~*~*~ (stealth).
  2711 | D:4      | 2711 ||| Stepping ~*~*~tactically~*~*~ (hiding).
  2712 | D:4      | 2712 ||| Stepping ~*~*~tactically~*~*~ (hiding).
  2721 | D:4      | 2721 ||| INVOKING Fiery Armour.
  2760 | D:4      | 2760 ||| Stepping ~*~*~tactically~*~*~ (outnumbered).
  2930 | D:4      | 2930 ||| Stepping ~*~*~tactically~*~*~ (hiding).
  3111 | D:4      | Reached skill level 9 in Unarmed Combat
  3195 | D:4      | Noticed Robin
  3208 | D:4      | Killed Robin
  3237 | D:4      | 3237 ||| READING scroll labelled BUISKO GAGE.
  3248 | D:5      | Entered Level 5 of the Dungeon
  3297 | D:5      | Reached skill level 1 in Dodging
  3328 | D:5      | Reached XP level 8. HP: 75/75 MP: 8/8
  3338 | D:5      | 3338 ||| Stepping ~*~*~tactically~*~*~ (stealth).
  3340 | D:5      | 3340 ||| Stepping ~*~*~tactically~*~*~ (stealth).
  3342 | D:5      | 3342 ||| Stepping ~*~*~tactically~*~*~ (hiding).
  3374 | D:5      | 3374 ||| Stepping ~*~*~tactically~*~*~ (hiding).
  3482 | D:5      | Found an opulent altar of Gozag.
  3519 | D:5      | Found a shimmering altar of Xom.
  3535 | D:5      | Found an ornate altar of the Wu Jian Council.
  3537 | D:5      | Found a broken altar of Ashenzari.
  3567 | D:5      | 3567 ||| Stepping ~*~*~tactically~*~*~ (stealth).
  3569 | D:5      | 3569 ||| Stepping ~*~*~tactically~*~*~ (stealth).
  3575 | D:5      | 3575 ||| Stepping ~*~*~tactically~*~*~ (hiding).
  3584 | D:5      | 3584 ||| Stepping ~*~*~tactically~*~*~ (stealth).
  3667 | D:5      | 3667 ||| INVOKING Fiery Armour.
  3668 | D:5      | HP: 2/75 [ogre/+0 giant spiked club (19)]
  3669 | D:5      | 3669 ||| READING 3 scrolls of teleportation.
  3669 | D:5      | Shot with an arrow by a centaur

Levels and vault maps discovered:
D:1:      lemuel_arrival_hallway, layout_basic,
          shapermc_ecumenical_altar_ellora, serial_shops, shop
D:2:      layout_basic
D:3:      layout_loops_cross, lemuel_doored_altar, uniq_natasha, uniq_sigmund
D:4:      layout_rooms, uniq_blork_the_orc, uniq_duvessa, uniq_robin
D:5:      layout_basic, grunt_gozag_statues, mainiacjoe_overflow_chevrons,
          mainiacjoe_overflow_alcove_2, mainiacjoe_overflow_catwalk_spiral,
          grunt_tough_drop

Skill      XL: |  1  2  3  4  5  6  7 |
---------------+----------------------+-----
Unarmed Combat | 4 5 6 8 9 |  9.8
Fighting       | 3 |  3.2
Dodging        | 1 |  1.5
Spellcasting   | |  1.0
Fire Magic     | |  2.1

Action                   |  1- 3 |  4- 6 |  7- 9 || total
-------------------------+-------+-------+-------++-------
Melee: Unarmed           |    94 |    51 |   130 ||   275
       Punch             |       |     3 |     8 ||    11
Throw: Boomerang         |     4 |    16 |    10 ||    30
Invok: Fiery Armour      |       |     1 |     2 ||     3
  Use: Scroll            |     8 |     1 |     2 ||    11
       Potion            |     1 |     2 |       ||     3
Armor: Robe              |    48 |    13 |    53 ||   114
Dodge: Dodged            |    41 |    18 |    50 ||   109

Table legend:
 A = Non-vault XP
 B = Vault XP
 C = Vault XP percentage of total XP
 D = Non-vault monster count
 E = Vault monster count
 F = Vault count percentage of total count
                 A         B        C        D         E       F
            +---------+---------+-------+---------+---------+-------
      Total |    1072 |     662 |  38.2 |      92 |      17 |  15.6
            +---------+---------+-------+---------+---------+-------
        D:1 |      35 |       0 |   0.0 |      22 |       0 |   0.0
        D:2 |      41 |       0 |   0.0 |      12 |       0 |   0.0
        D:3 |     151 |     272 |  64.3 |      17 |       2 |  10.5
        D:4 |     443 |     335 |  43.1 |      27 |      14 |  34.1
        D:5 |     402 |      55 |  12.0 |      14 |       1 |   6.7
            +---------+---------+-------+---------+---------+-------
